 Dungeon Sprint DCSS version 0.21-a0-94-gdd6ab6a (webtiles) character file.

4 poirepourri the Skirmisher (level 1, 0/15 HPs)
             Began as a Gargoyle Fighter on July 2, 2017.
             Was a Follower of Cheibriados.
             Slain by a river rat (4 damage)
             ... in the Dungeon (Sprint VII: "The Pits").
             The game lasted 00:00:24 (183 turns).

poirepourri the Skirmisher (Gargoyle Fighter)        Turns: 183, Time: 00:00:25

Health: 0/15       AC:  9    Str: 21    XL:     1   Next: 70%
Magic:  1/1        EV:  7    Int: 10    God:    Cheibriados [*.....]
Gold:   0          SH:  9    Dex: 11    Spells: 0/0 levels left

rFire    . . .     SeeInvis .   r - +2 mace
rCold    . . .     Gourm    .   c - +0 shield
rNeg     + . .     Faith    .   b - +0 scale mail
rPois    ∞         Spirit   .   (no helmet)
rElec    +         Reflect  .   (no cloak)
rCorr    .         Harm     .   (no gloves)
MR       .....     NoTele   +   (no boots)
Stlth    ..........             (no amulet)
HPRegen  0.05/turn              (no ring)
MPRegen  0.07/turn              (no ring)

@: very slow
A: negative energy resistance 1, electricity resistance, unbreathing,
petrification resistance, rot immunity, AC +2
a: Bend Time, Renounce Religion


You were in the Dungeon.
You worshipped Cheibriados.
Cheibriados was aware of your devotion.
You were not hungry.

You visited 1 branch

Inventory:

Hand Weapons
 r - a +2 mace (weapon)
Armour
 b - a +0 scale mail (worn)
 c - a +0 shield (worn)
Scrolls
 k - a scroll of blinking
 m - 3 scrolls of remove curse
 n - 5 scrolls of amnesia
 o - a scroll of summoning
Potions
 d - a potion of might
 e - a potion of curing
 g - a potion of heal wounds
 h - a potion of haste
 i - 4 potions of magic
 j - 3 potions of berserk rage
 l - 2 potions of invisibility
Comestibles
 f - 8 bread rations
 p - 40 fruits
 q - 7 meat rations


   Skills:
 + Level 4.1 Fighting
 + Level 2.4 Maces & Flails
 - Level 3.2 Armour
 + Level 0.1 Dodging
 + Level 3.8 Shields


You couldn't memorise any spells.
You didn't know any spells.

Dungeon Overview and Level Annotations

Branches:
Dungeon (1/1)

Altars:
Ashenzari
Cheibriados
Dithmenos
Elyvilon
Fedhas
Gozag
Hepliaklqana
Kikubaaqudgha
Makhleb
Nemelex Xobeh
Okawaru
Qazlal
Ru
Sif Muna
Trog
Uskayaw
Vehumet
Wu Jian
Xom
Yredelemnul
Zin
The Shining One
Beogh
Jiyva
Lugonu


Innate Abilities, Weirdness & Mutations

You are resistant to torment.
Your stone body is resilient. (AC +2)
You are immune to poison.
You resist negative energy. (rN+)
You are resistant to electric shocks. (rElec)
You can survive without breathing.
You are immune to petrification.
You are immune to rotting.


Message History

You block the jackal's attack. The river rat closely misses you.
You block the jackal's attack.
You hit the river rat.
The river rat is lightly wounded.
The jackal bites you but does no damage.
The river rat bites you. You block the jackal's attack.
The river rat bites you but does no damage.
You sock the river rat!
The river rat is almost dead.
You block the jackal's attack. You block the river rat's attack.
The jackal closely misses you.
Your shield and scale mail prevent you from hitting the river rat.
The river rat is almost dead.
You block the jackal's attack. The river rat bites you. The jackal bites you.
You completely miss the jackal.
The jackal is moderately wounded.
You block the river rat's attack. The jackal bites you.
* * * LOW HITPOINT WARNING * * *
The river rat bites you.
You die...

#_________.#
#_______...###########+
##########'##..........
#)?(.')))'.##......#..#
##########.##..........
#..........†'..........
#+#####)#####......#..#
#..#h.# #..........
#.rr@.# ####'#####+
#..#### #.......# #..
#.......# #.. #.......#
##+ #...<...# #.......#
#.......# #.......#
#########


You could see a river rat, a jackal and a rat.

Vanquished Creatures
  A goblin (D)
  A jackal (D)
  A quokka (D)
  A ball python skeleton (D)
4 creatures vanquished.

Notes
Turn   | Place    | Note
-------+----------+-------------------------------------------
     0 | D        | poirepourri the Gargoyle Fighter began the quest for the Orb.
     0 | D        | Reached XP level 1. HP: 14/14 MP: 1/1
    89 | D        | Found a bloodstained altar of Trog.
    89 | D        | Found a deep blue altar of Sif Muna.
    89 | D        | Found a viscous altar of Jiyva.
    89 | D        | Found a hazy altar of Hepliaklqana.
    89 | D        | Found an opulent altar of Gozag.
    90 | D        | Found a glowing golden altar of the Shining One.
    90 | D        | Found a glowing silver altar of Zin.
    90 | D        | Found a basalt altar of Yredelemnul.
    90 | D        | Found a shimmering altar of Xom.
    90 | D        | Found an ornate altar of the Wu Jian Council.
    90 | D        | Found a sacrificial altar of Ru.
    90 | D        | Found a stormy altar of Qazlal.
    90 | D        | Found an iron altar of Okawaru.
    90 | D        | Found a sparkling altar of Nemelex Xobeh.
    90 | D        | Found a burning altar of Makhleb.
    90 | D        | Found a blossoming altar of Fedhas.
    90 | D        | Found a white marble altar of Elyvilon.
    90 | D        | Found a shadowy altar of Dithmenos.
    90 | D        | Found a snail-covered altar of Cheibriados.
    94 | D        | Found a roughly hewn altar of Beogh.
    94 | D        | Found a corrupted altar of Lugonu.
    94 | D        | Found a radiant altar of Vehumet.
    95 | D        | Found a shattered altar of Ashenzari.
    95 | D        | Found an ancient bone altar of Kikubaaqudgha.
    95 | D        | Found a hide-covered altar of Uskayaw.
   101 | D        | Became a worshipper of Cheibriados the Contemplative
   119 | D        | Reached skill level 4 in Fighting
   178 | D        | Reached * piety under Cheibriados
   183 | D        | Slain by a river rat

Vault maps used:
D:        pitsprint

Skill      XL: |  1 |
---------------+----+-----
Fighting       | 4 |  4.1
Maces & Flails | |  2.4
Armour         | |  3.2
Dodging        | |  0.1
Shields        | |  3.8

Action                   || total
-------------------------++-------
Melee: Mace              ||    19
       Flail             ||    10
Armor: Scale mail        ||    31
Dodge: Dodged            ||    12
Block: Shield            ||    25
